 Dungeon Crawl Stone Soup version 0.24.1-1-gd1d2a07e1b (webtiles) character file.

Game seed: 16018896197391932669, levelgen mode: deterministic

4645 Peloso the Carver (level 10, -9/85 (86) HPs)
             Began as a Minotaur Fighter on Apr 8, 2020.
             Was a Priest of Okawaru.
             Mangled by a small abomination (14 damage)
             ... on level 1 of the Abyss.
             The game lasted 00:14:56 (8107 turns).

Peloso the Carver (Minotaur Fighter)                Turns: 8107, Time: 00:14:56

HP:   -9/85 (86)    AC: 24    Str: 25    XL:     10   Next: 20%
MP:   9/9           EV:  8    Int:  4    God:    Okawaru [***...]
Gold: 427           SH: 15    Dex: 15    Spells: 9/9 levels left

rFire    . . .     SeeInvis .   a - +0 long sword
rCold    . . .     Gourm    .   c - +3 shield
rNeg     + . .     Faith    .   B - +0 plate armour
rPois    +         Spirit   .   (helmet restricted)
rElec    .         Reflect  .   q - +2 ratskin cloak {+Rats rPois rN+ Str-1 Int-1 Dex+1}
rCorr    .         Harm     .   K - +2 pair of gloves {Dex+3}
MR       .....                  (no boots)
Stlth    ..........             (no amulet)
HPRegen  0.24/turn              m - +3 ring of strength
MPRegen  0.11/turn              u - +3 ring of protection

@: about to teleport
A: retaliatory headbutt, horns 2
a: Heroism, Renounce Religion, Evoke Ratskin


You were on level 1 of the Abyss.
You worshipped Okawaru.
Okawaru was most pleased with you.
You were hungry.

You visited 2 branches of the dungeon, and saw 10 of its levels.
You visited the Abyss 1 time.
You also visited: Ossuary.

You collected 427 gold pieces.

Inventory:

Hand Weapons
 a - a +0 long sword (weapon)
Armour
 b - a +0 scale mail
 c - a +3 shield (worn)
 q - the +2 ratskin cloak (worn) {+Rats rPois rN+ Str-1 Int-1 Dex+1}
   (You found it on level 5 of the Dungeon)

   It affects your strength (-1).
   It affects your intelligence (-1).
   It affects your dexterity (+1).
   It protects you from poison.
   It protects you from negative energy.
 y - a +0 cloak
 A - a +0 chain mail
 B - a +0 plate armour (worn)
 K - a +2 pair of gloves of dexterity (worn)
Jewellery
 m - a +3 ring of strength (left hand)
 n - a +3 ring of dexterity
 u - a +3 ring of protection (right hand)
 x - an uncursed ring of protection from cold
 G - a +3 ring of strength
 J - a +4 ring of dexterity
Wands
 r - a wand of random effects (22)
 M - a wand of enslavement (9)
Scrolls
 e - 6 scrolls of remove curse
 g - a scroll of enchant armour
 h - a scroll of magic mapping
 j - 8 scrolls of noise {unknown}
 k - 3 scrolls of fear {unknown}
 l - 5 scrolls of identify
 o - 3 scrolls of teleportation
 C - 4 scrolls of immolation {unknown}
 I - 3 scrolls of random uselessness {unknown}
Potions
 d - 3 potions of might
 i - a potion of invisibility {unknown}
 p - 2 potions of berserk rage {unknown}
 s - 6 potions of curing
 t - 2 potions of cancellation
 v - a potion of heal wounds {unknown}
 w - 3 potions of brilliance
 z - a potion of haste
 D - 2 potions of flight
 E - a potion of ambrosia {unknown}
 F - a potion of mutation {unknown}
 H - a potion of agility {unknown}
Comestibles
 f - 22 rations


   Skills:
 + Level 7.3 Fighting
 + Level 11.3 Long Blades
 + Level 9.3 Armour
 + Level 3.2 Dodging
 + Level 0.3 Stealth
 + Level 8.8 Shields
 + Level 0.5 Evocations


You had 9 spell levels left.
You didn't know any spells.
Your spell library contained the following spells:

 Spells                   Type           Power        Failure   Level  Hunger
 Shock                    Conj/Air       #...         100%        1    ##.....
 Swiftness                Chrm/Air       #.......     100%        2    ###....
 Static Discharge         Conj/Air       #.......     100%        3    ####...
 Airstrike                Air            #.........   100%        4    #####..
 Lightning Bolt           Conj/Air       #.........   100%        5    ######.


Dungeon Overview and Level Annotations

Branches:
Dungeon (9/15)             Temple (1/1) D:6         Ossuary (visited)
   Lair: D:8-11         Orc: D:9-12

Altars:
Cheibriados
Fedhas
Gozag
Hepliaklqana
Makhleb
Nemelex Xobeh
Okawaru
Sif Muna
Trog
Uskayaw
Vehumet
Wu Jian
Xom
Yredelemnul

Shops:
D:5 (

Annotations:
D:3 2 transporters
D:5 exclusion: statue
D:9 Erolcha


Innate Abilities, Weirdness & Mutations

You reflexively headbutt those who attack you in melee.
You have a pair of horns on your head.


Message History

Unknown command.
The ufetubus shouts!
You slash the thrashing horror!
Your headbutt misses the thrashing horror.
The thrashing horror is heavily damaged.
You block the thrashing horror's attack. x2
The small abomination hits you but does no damage.
Unknown command.
The thrashing horror roars!
The thrashing horror tramples you.
* * * LOW HITPOINT WARNING * * *
You hold your ground!
The thrashing horror tramples you but does no damage.
Unknown command.
Your plate armour prevents you from hitting the thrashing horror.
The thrashing horror is heavily damaged.
The thrashing horror tramples you but does no damage.
You block the thrashing horror's attack.
The small abomination hits you!
You die...

.. .... # #
....... ...#
.......# ..# #
#..#### ..
#####.#.## ...
#...#..#.# .
#..#.#..##..#
#.#x......#
#X@##...ยง###
..####...##5.#
. .. .
.###....#
...##...#..####
##. #. #.. .
#.. ..#.##### .
##.. . ... ....
# .#.. ... .
###. .. ..## .


You could see a thrashing horror and a small abomination.

Vanquished Creatures
  An ugly thing (D:8)
  Sigmund (D:4)
  4 hogs (D:7)
  A human (D:7)
  Menkaure (D:7)
  5 insubstantial wisps (Abyss:1)
  Duvessa (D:4)
  An orc warrior (D:8)
  A sky beast (D:8)
  A necrophage (D:8)
  3 ogres
  A centaur (D:8)
  A big kobold (D:8)
  A bullfrog (D:8)
  A gnoll sergeant (D:7)
  Dowan (D:4)
  2 scorpions
  5 wights (D:6)
  A crimson imp (D:7)
  2 centaur zombies (D:8)
  3 hounds
  2 jellies
  4 orc priests
  2 human zombies (Ossuary)
  8 orc wizards
  Jessica (D:2)
  An iguana (D:6)
  Natasha (twice) (D:4)
  5 worker ants
  A hell rat (D:5)
  2 big kobold zombies (Ossuary)
  A hound zombie (D:5)
  4 hound skeletons
  4 mummies (Ossuary)
  A worker ant zombie (D:6)
  A howler monkey skeleton (D:4)
  5 gnolls (D:7)
  10 adders
  6 river rats (D:5)
  An ooze (D:3)
  An adder zombie (D:6)
  A worm (D:3)
  5 leopard geckos
  16 orcs
  5 ball pythons
  5 giant cockroaches
  7 goblins
  4 hobgoblins
  2 jackals (D:5)
  8 kobolds
  4 quokkas
  4 bats
  3 frilled lizards
  5 gnoll zombies
  A hobgoblin zombie (Ossuary)
  A leopard gecko zombie (D:8)
  2 quokka skeletons
  19 rats
192 creatures vanquished.

Vanquished Creatures (collateral kills)
  An orc warrior (D:6)
1 creature vanquished.

Vanquished Creatures (others)
  An ufetubus (Abyss:1)
1 creature vanquished.

Grand Total: 194 creatures vanquished

Notes
Turn   | Place    | Note
-------+----------+-------------------------------------------
     0 | D:1      | Peloso the Minotaur Fighter began the quest for the Orb.
     0 | D:1      | Reached XP level 1. HP: 19/19 MP: 0/0
   203 | D:1      | Reached XP level 2. HP: 26/27 MP: 1/1
   969 | D:2      | Reached XP level 3. HP: 32/33 MP: 2/2
   993 | D:2      | Reached skill level 3 in Long Blades
   997 | D:2      | Noticed Jessica
  1002 | D:2      | Killed Jessica
  1109 | D:2      | Found a sparkling altar of Nemelex Xobeh.
  1172 | D:2      | Reached XP level 4. HP: 40/40 MP: 3/3
  1300 | D:2      | Found a basalt altar of Yredelemnul.
  1457 | D:3      | Found a blossoming altar of Fedhas.
  1525 | D:3      | Found a transporter.
  1535 | D:3      | Found a transporter.
  1596 | D:3      | Reached XP level 5. HP: 19/47 MP: 4/4
  1666 | D:3      | Reached skill level 4 in Long Blades
  1967 | D:3      | Reached skill level 5 in Armour
  1974 | D:3      | Reached skill level 1 in Dodging
  2396 | D:4      | Noticed Sigmund
  2408 | D:4      | Killed Sigmund
  2408 | D:4      | Reached skill level 5 in Long Blades
  2408 | D:4      | Reached skill level 5 in Shields
  2408 | D:4      | Reached XP level 6. HP: 48/53 MP: 5/5
  2580 | D:4      | Reached XP level 7. HP: 25/60 MP: 6/6
  2750 | D:4      | Noticed Natasha
  2755 | D:4      | Killed Natasha
  2843 | D:4      | Reached skill level 6 in Long Blades
  3076 | D:4      | Found a hide-covered altar of Uskayaw.
  3078 | D:4      | Noticed Duvessa
  3103 | D:4      | Killed Duvessa
  3103 | D:4      | Reached skill level 5 in Fighting
  3104 | D:4      | Noticed Dowan
  3117 | D:4      | Killed Dowan
  3206 | D:4      | Found a bloodstained altar of Trog.
  3330 | D:4      | Noticed Natasha
  3336 | D:4      | Killed Natasha
  3425 | D:5      | Entered Level 5 of the Dungeon
  3469 | D:5      | Reached skill level 7 in Long Blades
  3695 | D:5      | Found the +2 ratskin cloak {+Rats rPois rN+ Str-1 Int-1
                  | Dex+1}
  3717 | D:5      | Reached XP level 8. HP: 19/69 MP: 7/7
  4058 | D:5      | Found a radiant altar of Vehumet.
  4352 | D:5      | Found Hekloxt's Antique Weapon Shop.
  4511 | D:5      | Found an ornate altar of the Wu Jian Council.
  4690 | D:6      | Reached skill level 8 in Long Blades
  4850 | D:6      | Found an opulent altar of Gozag.
  4865 | D:6      | Found a staircase to the Ecumenical Temple.
  5333 | Temple   | Entered the Ecumenical Temple
  5340 | Temple   | Became a worshipper of Warmaster Okawaru
  5371 | D:7      | Noticed Menkaure
  5378 | D:7      | Killed Menkaure
  5378 | D:7      | Reached skill level 9 in Long Blades
  5905 | D:7      | Reached * piety under Okawaru
  5905 | D:7      | Reached XP level 9. HP: 70/75 MP: 8/8
  5934 | D:7      | Reached skill level 10 in Long Blades
  6496 | D:7      | Found a hazy altar of Hepliaklqana.
  6497 | D:7      | Found a shimmering altar of Xom.
  6498 | D:7      | Noticed a spectral ugly thing
  6902 | D:8      | Reached ** piety under Okawaru
  6922 | D:8      | Noticed a white ugly thing
  6941 | D:8      | Killed a white ugly thing
  6991 | D:8      | Found a sand-covered staircase.
  6997 | Ossuary  | Entered an ossuary
  7258 | D:8      | Reached skill level 11 in Long Blades
  7275 | D:8      | Found the +0 Maxwell's etheric cage {RegenMP+ *Contam rElec
                  | MP+4}
  7305 | D:8      | Found a burning altar of Makhleb.
  7648 | D:8      | Reached *** piety under Okawaru
  7655 | D:8      | Reached XP level 10. HP: 80/85 MP: 9/9
  7920 | D:9      | Noticed Erolcha
  7933 | D:9      | Cast into level 1 of the Abyss (Erolcha)
  7974 | Abyss:1  | Noticed a rakshasa
  8087 | Abyss:1  | Noticed a thrashing horror
  8107 | Abyss:1  | Mangled by a small abomination

Levels and vault maps discovered:
D:1:      minmay_arrival_jagged, layout_basic
D:2:      layout_rooms, lemuel_zombie_altar_yredelemnul, lemuel_doored_altar,
          first_ration, uniq_jessica
D:3:      gammafunk_wand_slinger, layout_basic, fedhas_altar_fruit_tree
D:4:      layout_basic, lemuel_round_altar, lightli_temple_of_fire,
          serial_corexii_hall, corexii_hall_statues_i, corexii_hall_statues_x,
          uniq_sigmund, uniq_natasha, uniq_duvessa
D:5:      wander_guarded_unrand_ratskin, layout_basic, lemuel_crystal_altar,
          vehumet_statue, serial_shops, shop
D:6:      layout_basic, grunt_gozag_statues, minmay_temple_entry_large_hall
D:7:      layout_layer_cave, regret_index_temple_of_mockery, grunt_livestock,
          minmay_misc_feat_five, uniq_menkaure
D:8:      layout_loops_ring, nicolae_ossuary_entry_monument, nrook_mini_vaults,
          makhleb_blood_cavern_becter
D:9:      layout_grid_maze, amethyst_overflow_temple_binary, uniq_grum,
          uniq_erolcha
Temple:   chequers_temple_sunken
Abyss:1:  base:
D:7

Skill      XL: |  1  2  3  4  5  6  7  8  9 10 |
---------------+-------------------------------+-----
Shields        | 4 5 6 8 |  8.8
Fighting       | 4 5 6 7 |  7.3
Armour         | 4 5 6 7 8 9 |  9.3
Long Blades    | 3 5 7 9 11 | 11.3
Dodging        | 1 2 3 |  3.2
Stealth        | |  0.3
Evocations     | |  0.5

Action                   |  1- 3 |  4- 6 |  7- 9 | 10-12 || total
-------------------------+-------+-------+-------+-------++-------
Melee: Long sword        |    49 |   119 |   459 |    52 ||   679
       Headbutt          |     9 |    21 |   118 |    15 ||   163
Invok: Heroism           |       |       |     1 |       ||     1
 Abil: Evoke Ratskin     |       |       |     1 |       ||     1
  Use: Potion            |     1 |     4 |     1 |       ||     6
       Scroll            |       |     3 |     3 |     2 ||     8
  Eat: Chunk             |       |     5 |    13 |     2 ||    20
       Ration            |       |       |     1 |       ||     1
Armor: Scale mail        |    31 |    34 |    64 |       ||   129
       Plate armour      |       |       |    76 |    26 ||   102
       Chain mail        |       |       |     5 |       ||     5
Dodge: Dodged            |    19 |    30 |    83 |    14 ||   146
Block: Shield            |    33 |    70 |   223 |    52 ||   378
       Rpst.: Long sword |     5 |     8 |    15 |     8 ||    36
